AoeStats
← 琼楼玉宇 倒了阵型

Arabia

509557348Analyzed
2v2 RM · 7d ago on Sep 27, 2026· 28m 42s· 4 players
Game mode
Random Map
Map size
Medium (4 player)
Population
200
Speed
Normal
Resources
Standard
Victory
Conquest
Starting age
Dark Age
Ending age
Imperial Age
RankedLock teamsTeams togetherTeam positionsShared explorationLock speedFull tech treeHidden civsTurbo modeCheats
Victory
Defeat
🇹🇷 Italians · Türkiye
1003
+16
🇨🇴 Slavs · Colombia
959
+17
🇩🇪 Poles · Germany
1046
-19
937
-14
ezerrbey
0:26 Loom
10:29 Feudal Age
18:11 Castle Age
17:07 Double-Bit Axe
17:36 Fletching
20:56 Stone Mining
27:58 Ballistics
27:30 Pikeman
cesaruseche1
7:48 Loom
10:19 Feudal Age
10:34 Man-at-Arms
12:46 Double-Bit Axe
16:33 Horse Collar
16:44 Gold Mining
21:12 Wheelbarrow
21:52 Forging
21:48 Scale Barding Armor
26:06 Castle Age
26:26 Bloodlines
27:03 Bow Saw
26:54 Heavy Plow
27:52 Hand Cart
28:24 Gold Shaft Mining
27:40 Stone Mining
28:20 Chain Barding Armor
28:35 Iron Casting
28:03 Husbandry
29:35 Hand Cart
琼楼玉宇 倒了阵型
12:39 Feudal Age
11:20 Loom
14:31 Wheelbarrow
14:13 Double-Bit Axe
14:10 Horse Collar
15:50 Man-at-Arms
20:43 Scale Mail Armor
21:23 Forging
24:38 Gold Mining
28:10 Castle Age
Thoth
10:25 Feudal Age
12:47 Bloodlines
14:49 Scale Barding Armor
15:30 Forging
20:47 Castle Age
18:53 Town Watch
21:30 Husbandry
21:27 Gold Mining
21:20 Horse Collar
22:58 Double-Bit Axe
25:54 Bow Saw
26:30 Iron Casting
27:07 Chain Barding Armor
Connection lost

Rejoining the realm…

Still unreachable

The connection could not be restored.

Session expired

The server has moved on; the page needs a fresh start.